 Dungeon Crawl Stone Soup version 0.27-a0-633-gc6addc0a40 (webtiles) character file.

Game seed: 5760729461318216184

90 shoop the Cudgeller (level 4, -5/48 HPs)
             Began as an Ogre Fighter on Mar 14, 2021.
             Slain by a gnoll
             ... wielding a +0 spear
              (10 damage)
             ... on level 2 of the Dungeon.
             The game lasted 00:03:14 (2747 turns).

shoop the Cudgeller (Ogre Fighter)                  Turns: 2747, Time: 00:03:15

Health: -5/48      AC:  3    Str: 20    XL:     4   Next: 56%
Magic:  4/4        EV:  8    Int:  9    God:
Gold:   113        SH:  8    Dex:  9    Spells: 3/3 levels left

rFire    . . .     SeeInvis .   a - +0 flail
rCold    . . .     Faith    .   c - +0 kite shield
rNeg     + . .     Spirit   .   b - +0 robe
rPois    .         Reflect  .   (helmet restricted)
rElec    .         Harm     .   p - scarf {shadows}
rCorr    .         Rampage  .   (gloves unavailable)
Will     .....                  (boots unavailable)
Stlth    +.........             (no amulet)
HPRegen  0.16/turn              f - ring of positive energy
MPRegen  0.09/turn              (no ring)

@: no status effects
A: large, unfitting armour, tough skin 1
a: no special abilities


You were on level 2 of the Dungeon.
You visited 1 branch of the dungeon, and saw 3 of its levels.

You collected 113 gold pieces.

Inventory:

Hand Weapons
 a - a +0 flail (weapon)
Armour
 b - a +0 robe (worn)
 c - a +0 kite shield (worn)
 p - a scarf of shadows (worn)
Jewellery
 f - a ring of positive energy (right hand)
 g - a ring of fire
Scrolls
 e - 8 scrolls of identify {unknown}
 h - a scroll of fog {unknown}
 k - a scroll of random uselessness {unknown}
 l - a scroll of magic mapping {unknown}
 m - 2 scrolls of enchant armour {unknown}
 n - 3 scrolls of teleportation {unknown}
 o - a scroll of noise {unknown}
Potions
 i - a potion of magic {unknown}


   Skills:
 - Level 4.0 Fighting
 + Level 4.2 Maces & Flails
 - Level 2.6 Dodging
 - Level 2.6 Shields


You had 3 spell levels left.
You didn't know any spells.
Your spell library was empty.

Dungeon Overview and Level Annotations

Branches:
Dungeon (3/15)

Altars:


Innate Abilities, Weirdness & Mutations

You are too large for most types of armour.
You have tough skin. (AC +1)


Message History

No target in view!
No target in view!
No target in view!
No target in view!
No target in view!
No target in view!
No target in view!
No target in view!
No target in view!
No target in view!
No target in view!
A gnoll comes into view. It is wielding a +0 spear.
The gnoll shouts!
You hear a shout!
A gnoll comes into view. It is wielding a +0 flail.
A leopard gecko comes into view.
You see here a scroll labelled NAAPHE QIOTUES.
There is a stone staircase leading up, spattered with blood here.
You block the gnoll's attack.
There is a stone staircase leading up, spattered with blood here.
The gnoll barely misses you. You block the gnoll's attack.
You climb upwards.
There is a stone staircase leading down here.
Your shield prevents you from hitting the gnoll.
The gnoll hits you with a +0 spear! The gnoll hits you with a +0 flail.
You block the gnoll's attack.
You barely miss the gnoll. The gnoll hits you but does no damage.
The gnoll hits you with a +0 spear.
You completely miss the gnoll. The gnoll hits you with a +0 flail!
The gnoll barely misses you.
You hit the gnoll.
The gnoll is moderately wounded.
The gnoll hits you with a +0 spear. The gnoll hits you with a +0 flail!
* * * LOW HITPOINT WARNING * * *
You block the gnoll's attack.
You hit the gnoll.
The gnoll is heavily wounded.
The gnoll hits you with a +0 flail.
* * * LOW HITPOINT WARNING * * *
The gnoll hits you with a +0 spear!
You die...

#.# #.#### #.....
#.#### ############ #.#
#..........# #.#
#..........#######.####
#......................
#.....@...)............
#....gg...)############
#..........#
#..........#
#..........#
#..........# ####
############ #... #...
#...


You could see 2 gnolls.

Vanquished Creatures
  A worker ant (D:3)
  A worm (D:2)
  3 dart slugs
  3 giant cockroaches
  6 goblins
  9 hobgoblins
  4 jackals (D:1)
  7 kobolds
  A quokka (D:2)
  A ball python (D:1)
  11 bats
  7 rats
54 creatures vanquished.

Notes
Turn   | Place    | Note
-------+----------+-------------------------------------------
     0 | D:1      | shoop the Ogre Fighter began the quest for the Orb.
     0 | D:1      | Reached XP level 1. HP: 24/24 MP: 1/1
   270 | D:1      | Reached XP level 2. HP: 13/32 MP: 2/2
   293 | D:1      | HP: 1/32 [kobold/stone (2)]
  1098 | D:1      | Reached XP level 3. HP: 39/39 MP: 3/3
  2139 | D:2      | Reached XP level 4. HP: 48/48 MP: 4/4
  2747 | D:2      | Slain by a gnoll

Illustrated notes

Levels and vault maps discovered:
D:1:      lemuel_arrival_river_passageway, layout_loops_ring, nrook_uturn,
          amcnicky_mini_pool_small
D:2:      layout_basic
D:3:      layout_rooms, gammafunk_ghost_grave, uniq_grinder

Skill      XL: |  1  2  3  4 |
---------------+-------------+-----
Maces & Flails | 2 3 4 |  4.2
Fighting       | |  4.0
Dodging        | |  2.6
Shields        | |  2.6

Action                   |  1- 3 |  4- 6 || total
-------------------------+-------+-------++-------
Melee: Flail             |   152 |    48 ||   200
  Use: Potion            |     2 |     2 ||     4
Armor: Robe              |    62 |    15 ||    77
Dodge: Dodged            |    69 |    25 ||    94
Block: Kite shield       |    73 |    30 ||   103

Table legend: (Time is in decaauts)
 A = Elapsed time spent in this place.
 B = Non-inter-level travel time spent in this place.
 C = Inter-level travel time spent in this place.
 D = Time resting spent in this place.
 E = Time spent auto-exploring this place.
 F = Levels seen in this place.
 G = Mean time per level.
                   A        B        C        D        E       F      G
               +--------+--------+--------+--------+--------+-----+--------+
         Total |   2853 |   2842 |     11 |    388 |   1961 |   3 |  951.0 |
       Dungeon |   2853 |   2842 |     11 |    388 |   1961 |   3 |  951.0 |
               +--------+--------+--------+--------+--------+-----+--------+

Top non-repeatable levels by time:
     D:1: 1499 daAuts
     D:2: 1254 daAuts
     D:3: 100 daAuts
